 Dungeon Crawl Stone Soup version 0.31.0-32-g396128a36d (webtiles) character file.

Game seed: 7851788391726017697

192 Tsumveil the Sneak (level 5, -5/26 HPs)
             Began as a Spriggan Brigand on Mar 12, 2024.
             Was an Initiate of Ashenzari.
             Slain by a black bear (7 damage)
             ... on level 4 of the Dungeon.
             The game lasted 00:20:59 (3113 turns).

Tsumveil the Sneak (Spriggan Brigand)               Turns: 3113, Time: 00:20:59

Health: -5/26      AC:  4    Str:  7    XL:     5   Next: 42%
Magic:  6/6        EV: 18    Int: 12    God:    Ashenzari [......]
Gold:   176        SH:  0    Dex: 19    Spells: 4/4 levels left

rFire   . . .        a - +2 dagger
rCold   . . .        (no shield)
rNeg    . . .        b - +0 robe
rPois   .            q - +0 hat
rElec   .            c - +1 cloak
rCorr   .            (gloves unavailable)
SInv    +            (boots unavailable)
Will    .....        (no amulet)
Stlth   +++          (no ring)
HPRegen 0.24/turn    (no ring)
MPRegen 0.10/turn

%: no passive effects
@: silenced, very quick
A: very small, no large weapons, unfitting armour, see invisible, speed 3
a: Renounce Religion, Curse Item


You were on level 4 of the Dungeon.
You worshipped Ashenzari.
Ashenzari was noncommittal.
You visited 1 branch of the dungeon, and saw 4 of its levels.

You collected 176 gold pieces.

Inventory:

Hand Weapons
 a - a +2 dagger (weapon)
 g - a +0 dagger
 r - a +1 whip of holy wrath
Missiles
 d - 7 poisoned darts
 e - 3 curare-tipped darts
 k - 6 atropa-tipped darts
 n - 3 silver javelins
Armour
 b - a +0 robe (worn)
 c - a +1 cloak (worn)
 h - the +0 ring mail of the Telling Gods {Int+5}
   (You found it on level 3 of the Dungeon)

   Int+5:     It affects your intelligence (+5).
 p - a +2 pair of gloves
 q - a +0 hat (worn)
Jewellery
 l - a +6 ring of intelligence
 s - an amulet of magic regeneration
Scrolls
 i - a scroll of poison (quivered)
 o - a scroll of identify
Potions
 f - a potion of berserk rage
 j - a potion of degeneration
 t - a potion of lignification


   Skills:
 + Level 2.1 Fighting
 + Level 3.7 Short Blades
 + Level 2.7 Throwing
 + Level 3.4 Dodging
 + Level 7.4 Stealth


You had 4 spell levels left.
You didn't know any spells.
Your spell library contained the following spells:

 Spells                   Type           Power      Damage    Failure   Level
 Freeze                   Ice            0%         1d3       32%         1
 Dazzling Flash           Conj/Hex       0%         N/A       69%         3
 Frozen Ramparts          Ice            0%         1d1       69%         3
 Hailstorm                Conj/Ice       0%         3d5       69%         3
 Volatile Blastmotes      Fire/Tloc      0%         2d10      69%         3
 Starburst                Conj/Fire      0%         6d3       100%        6
 Maxwell's Capacitive Co  Air            0%         ∞         100%        8


Dungeon Overview and Level Annotations

Branches:
Dungeon (4/15)
 Temple: D:4-7

Altars:
Ashenzari
Yredelemnul

Portals:
Sewer: D:4


Innate Abilities, Weirdness & Mutations

You are very small and have problems with some larger weapons.
You are too small for most types of armour.
You have supernaturally acute eyesight. (SInv)
You cover ground extremely quickly. (Speed+++)


Message History

The howler monkey hits you. The black bear barely misses you.
The black bear claws you. The black bear barely misses you.
You hit the black bear.
The black bear is moderately wounded.
The howler monkey hits you.
The black bear bites you but does no damage.
The black bear claws you. The black bear barely misses you.
You hit the black bear but do no damage.
The black bear is moderately wounded.
The howler monkey hits you. The black bear bites you.
* * * LOW HITPOINT WARNING * * *
The black bear claws you but does no damage.
The black bear barely misses you.
A ball python comes into view.
The howler monkey barely misses you.
The black bear attacks as it pursues you!
The black bear completely misses you. The black bear misses you.
The black bear barely misses you.
The howler monkey attacks as it pursues you!
The howler monkey hits you but does no damage.
The howler monkey attacks as it pursues you!
The howler monkey completely misses you.
The howler monkey attacks as it pursues you!
The howler monkey misses you. The ball python completely misses you.
The ball python grabs you. The ball python constricts you.
You closely miss the ball python. The howler monkey closely misses you.
The ball python bites you but does no damage.
The ball python constricts you.
* * * LOW HITPOINT WARNING * * *
The black bear barely misses you. The black bear claws you.
* * * LOW HITPOINT WARNING * * *
The black bear misses you.
You hit the ball python.
You kill the ball python!
The howler monkey hits you.
* * * LOW HITPOINT WARNING * * *
Unknown command.
The black bear attacks as it pursues you!
The black bear bites you!
You die...

#####.###
#####.#.....## #
##.$..........##.#
#............... .
...$........... #...
....?........###....
#......#..........
#.......hh@.......
#........#.......
##.......##..#....
#........#........
###....#..##......
#......†..#.##....
#...#.....†.......
#..###.##.........
#.................


You could see a black bear (unsilenced) and a howler monkey.

Vanquished Creatures
  A hound (D:4)
  Robin (D:3)
  4 adders
  A river rat (D:4)
  2 dart slugs (D:2)
  A ribbon worm (D:3)
  3 bats
  4 endoplasms
  6 giant cockroaches
  15 goblins
  9 hobgoblins
  14 jackals
  3 quokkas
  4 ball pythons
  3 frilled lizards
  10 kobolds
  9 rats
90 creatures vanquished.

Notes
Turn   | Place    | Note
-------+----------+-------------------------------------------
     0 | D:1      | Tsumveil the Spriggan Brigand began the quest for the Orb.
     0 | D:1      | Reached XP level 1. HP: 10/10 MP: 2/2
     9 | D:1      | Reached skill level 6 in Stealth
   113 | D:1      | Reached XP level 2. HP: 8/15 MP: 3/3
   379 | D:1      | Reached XP level 3. HP: 18/18 MP: 4/4
  1397 | D:2      | Reached skill level 7 in Stealth
  1437 | D:2      | Reached XP level 4. HP: 23/23 MP: 5/5
  2097 | D:3      | Found a basalt altar of Yredelemnul.
  2098 | D:3      | Found a broken altar of Ashenzari.
  2126 | D:3      | Became a worshipper of Ashenzari the Shackled
  2165 | D:3      | Identified the +0 ring mail of the Telling Gods {Int+5}
  2187 | D:3      | HP: 1/23 [ribbon worm (5)]
  2213 | D:3      | Noticed Robin
  2491 | D:3      | Killed Robin
  2504 | D:3      | Reached XP level 5. HP: 10/26 MP: 6/6
  2981 | D:4      | Found a glowing drain.
  3070 | D:4      | Noticed a black bear
  3113 | D:4      | Slain by a black bear

Illustrated notes

Levels and vault maps discovered:
D:1:      reono_arrival_forest_river, layout_loops_ring, chequers_big_river
D:2:      layout_loops_cross, minmay_pentomino_r2
D:3:      layout_rooms, grunt_temple_overflow_open, uniq_robin
D:4:      layout_cave_pools, nicolae_overflow_guarded_unrand_okawaru_victory,
          cheibrodos_sewer_entry_sluice

Skill      XL: |  1  2  3  4 |
---------------+-------------+-----
Stealth        | 6 7 |  7.4
Dodging        | 2 3 |  3.4
Short Blades   | 3 |  3.7
Fighting       | 2 |  2.1
Throwing       | |  2.7

Action                     |  1- 3 |  4- 6 || total
---------------------------+-------+-------++-------
  Melee: Dagger            |   132 |   216 ||   348
         Punch             |     1 |     4 ||     5
  Throw: Dart              |     1 |    19 ||    20
    Use: Potion            |     4 |     1 ||     5
         Scroll            |       |    11 ||    11
   Stab: Sleeping          |    10 |     6 ||    16
 Armour: Robe              |    43 |    82 ||   125
  Dodge: Dodged            |   102 |   199 ||   301
